 Dungeon Crawl Stone Soup version 0.25.1-2-g60ff931df9 (webtiles) character file.

Game seed: 17145756519315694493

2897 DearestLeader the Protected (level 9, 0/103 HPs)
             Began as a Demonspawn Gladiator on Oct 18, 2020.
             Was an Initiate of Qazlal.
             Slain by Erica
             ... wielding a +4 scimitar of flaming
              (5 damage)
             ... on level 8 of the Dungeon.
             The game lasted 00:14:58 (9183 turns).

DearestLeader the Protected (Demonspawn Gladiator)  Turns: 9183, Time: 00:14:59

Health: 0/103      AC: 24    Str: 17    XL:     9   Next: 49%
Magic:  0/9        EV:  2    Int: 10    God:    Qazlal [......]
Gold:   450        SH:  0    Dex: 15    Spells: 8/8 levels left

rFire    . . .     SeeInvis .   a - +1 war axe
rCold    . . .     Gourm    .   (no shield)
rNeg     + + +     Faith    .   (armour currently unavailable)
rPois    +         Spirit   +   (helmet currently unavailable)
rElec    .         Reflect  .   (cloak currently unavailable)
rCorr    .         Harm     .   (gloves currently unavailable)
MR       .....     NoTele   +   (boots currently unavailable)
Stlth    +.........             i - amulet of guardian spirit
HPRegen  0.27/turn              (no ring)
MPRegen  0.11/turn              (no ring)

@: tree-form, slowed, very slow
A: no striking features
a: Renounce Religion


You were on level 8 of the Dungeon.
You worshipped Qazlal.
Qazlal was noncommittal.
You were hungry.
You were a tree.
You visited 2 branches of the dungeon, and saw 9 of its levels.

You collected 450 gold pieces.

Inventory:

Hand Weapons
 a - a +1 war axe (weapon)
 n - a +2 whip of flaming
 y - a +0 whip of electrocution
Missiles
 b - 34 poisoned darts (quivered)
 d - 4 throwing nets
Armour
 r - a +0 pair of gloves
 s - a +2 pair of gloves (melded)
 t - a +3 chain mail of poison resistance (melded)
Jewellery
 i - an amulet of guardian spirit (around neck)
 k - an uncursed ring of fire
 u - a cursed amulet of reflection {unknown}
Wands
 B - a wand of digging (5)
Scrolls
 e - 2 scrolls of enchant armour
 g - 2 scrolls of enchant weapon
 j - 2 scrolls of amnesia
 l - 2 scrolls of teleportation
 q - 2 scrolls of magic mapping
 v - 3 scrolls of remove curse
 w - 2 scrolls of identify
 C - 2 scrolls of fog {unknown}
Potions
 c - a potion of flight {unknown}
 h - a potion of invisibility
 m - 3 potions of mutation
 o - a potion of might
 x - a potion of stabbing {unknown}
 z - a potion of berserk rage {unknown}
 A - a potion of resistance {unknown}
Comestibles
 f - 13 rations
 D - 2 chunks of flesh


   Skills:
 - Level 6.2 Fighting
 - Level 2.6(3.6) Axes
 * Level 3.7(4.2) Maces & Flails
 - Level 1.7 Throwing
 * Level 8.4 Armour
 - Level 6.0 Dodging


You had 8 spell levels left.
You didn't know any spells.
Your spell library contained the following spells:

 Spells                   Type           Power        Failure   Level  Hunger
 Magic Dart               Conj           #...         36%         1    ##.....
 Searing Ray              Conj           #.....       50%         2    ###....
 Dazzling Flash           Conj/Hex       #.....       75%         3    ####...
 Fulminant Prism          Conj/Hex       #.........   98%         4    #####..
 Iskenderun's Mystic Bla  Conj/Tloc      #.......     98%         4    #####..


Dungeon Overview and Level Annotations

Branches:
Dungeon (8/15)             Temple (1/1) D:7
   Lair: D:8-11

Altars:
Elyvilon
Kikubaaqudgha
Nemelex Xobeh
Qazlal
Trog
Uskayaw
Vehumet
Wu Jian
Xom
Yredelemnul
Zin

Shops:
D:4 :   D:8 [

Annotations:
D:8 Erica


Innate Abilities, Weirdness & Mutations

((You have a pair of antennae on your head.))
((You are partially covered in icy blue scales. (AC +2)))
((Your flesh is cold resistant. (rC+)))


Message History

You feel yourself slow down.
You hit something. Something hits you but does no damage.
You're too confused to move!
Something hits you. Something burns you. Something hits you!
Something burns you.
You miss something. Something hits you! Something burns you.
You miss something.
You hear some strange, mumbled words.
A lance of force appears from out of thin air!
The lance of force hits you!!
* * * LOW HITPOINT WARNING * * *
You are knocked back by the lance of force.
You slam into the rock wall!
Something hits you but does no damage.
Really quaff the potion of lignification?
You turn into a tree.
Your +2 pair of gloves melds into your body.
Your +3 chain mail of poison resistance melds into your body.
You no longer feel resistant to poison.
Your roots penetrate the ground.
You feel less confused. Something hits you.
You die...

#. .@ ########### #.
#.........∩ #.
#.########. ##.##
###.### ## . #...#
#.....# #
....##.#{###.#.#.#######
.......♣................
.#.####.####.#.#.#######
#.# #.....#####.. #..
...#...[)(... #..
###<..######.# ...#
##.## #.# ##.# .# #.# .#
.# #.# #.#


There were no monsters in sight!

Vanquished Creatures
  Pikel (D:6)
  A hornet (D:7)
  Grinder (D:5)
  Eustachio (D:6)
  Menkaure (D:6)
  An orc warrior (D:6)
  2 necrophages
  An ogre (D:7)
  A centaur (D:8)
  2 bullfrogs
  A water moccasin skeleton (D:6)
  2 scorpions
  3 howler monkeys
  2 crimson imps
  2 bullfrog zombies
  3 orc priests
  5 hounds
  A jelly (D:6)
  5 orc wizards
  Natasha (twice) (D:3)
  3 worker ants (D:7)
  3 hound skeletons
  2 worker ant zombies
  A gnoll (D:4)
  8 adders
  A shadow imp (D:7)
  4 oozes
  An adder skeleton (D:7)
  A worm (D:2)
  7 dart slugs (D:3)
  2 leopard geckos (D:1)
  13 orcs
  5 giant cockroaches
  5 goblins
  8 hobgoblins
  9 jackals
  2 quokkas
  2 ball pythons
  5 bats
  4 frilled lizards
  3 kobolds (D:1)
  A leopard gecko skeleton (D:6)
  A leopard gecko zombie (D:5)
  A quokka skeleton (D:5)
  7 rats
137 creatures vanquished.

Vanquished Creatures (others)
  Sigmund (D:6)
  2 slaves (D:6)
3 creatures vanquished.

Grand Total: 140 creatures vanquished

Notes
Turn   | Place    | Note
-------+----------+-------------------------------------------
     0 | D:1      | DearestLeader the Demonspawn Gladiator began the quest for
                  | the Orb.
     0 | D:1      | Reached XP level 1. HP: 16/16 MP: 1/1
    82 | D:1      | Gained mutation: You have a pair of small antennae on your
                  | head. [demonic ancestry]
    82 | D:1      | Reached XP level 2. HP: 22/22 MP: 2/2
   320 | D:1      | Reached skill level 1 in Armour
   453 | D:1      | Found a sparkling altar of Nemelex Xobeh.
   763 | D:1      | Reached XP level 3. HP: 28/28 MP: 3/3
  1172 | D:2      | Found a white marble altar of Elyvilon.
  1947 | D:2      | Gained mutation: You are partially covered in icy blue
                  | scales. (AC +2) [demonic ancestry]
  1947 | D:2      | Reached XP level 4. HP: 32/35 MP: 4/4
  2296 | D:3      | Reached skill level 2 in Armour
  2848 | D:3      | Noticed Natasha
  2855 | D:3      | Killed Natasha
  3019 | D:3      | Noticed Natasha
  3028 | D:3      | Killed Natasha
  3028 | D:3      | Reached XP level 5. HP: 40/41 MP: 5/5
  3474 | D:4      | Reached skill level 3 in Armour
  3731 | D:4      | Found Qaqoithe's Book Shop.
  3782 | D:4      | Reached XP level 6. HP: 48/48 MP: 6/6
  3785 | D:4      | You fall into a shaft and drop 3 floors!
  3811 | D:5      | Entered Level 5 of the Dungeon
  4196 | D:5      | Found a shimmering altar of Xom.
  4404 | D:5      | Noticed Grinder
  4436 | D:5      | Paralysed by Grinder for 4 turns
  5040 | D:5      | Paralysed by Grinder for 4 turns
  5045 | D:5      | Paralysed by Grinder for 3 turns
  5250 | D:5      | Killed Grinder
  5250 | D:5      | Reached skill level 4 in Armour
  5250 | D:5      | Gained mutation: You have a pair of antennae on your head.
                  | [demonic ancestry]
  5250 | D:5      | Reached XP level 7. HP: 25/55 MP: 7/7
  5653 | D:6      | Reached skill level 5 in Armour
  5682 | D:6      | Noticed Eustachio
  5699 | D:6      | Killed Eustachio
  5699 | D:6      | Reached skill level 5 in Fighting
  5800 | D:6      | Reached skill level 5 in Dodging
  5885 | D:6      | Noticed Pikel
  5885 | D:6      | Noticed Menkaure
  5931 | D:6      | Killed Pikel
  5931 | D:6      | Reached skill level 6 in Armour
  5931 | D:6      | Reached XP level 8. HP: 42/64 MP: 5/8
  6146 | D:6      | Killed Menkaure
  6719 | D:6      | Reached skill level 7 in Armour
  6793 | D:6      | Killed Sigmund
  7815 | D:7      | Gained mutation: Your flesh is cold resistant. (rC+)
                  | [demonic ancestry]
  7815 | D:7      | Reached XP level 9. HP: 68/68 MP: 9/9
  7833 | D:7      | Reached skill level 1 in Maces & Flails
  8270 | D:7      | Found a staircase to the Ecumenical Temple.
  8277 | Temple   | Entered the Ecumenical Temple
  8308 | Temple   | Became a worshipper of Qazlal Stormbringer
  8634 | D:7      | Found a basalt altar of Yredelemnul.
  8636 | D:7      | Reached skill level 8 in Armour
  8795 | D:7      | Found a hide-covered altar of Uskayaw.
  8966 | D:8      | Found Memaom's Antique Armour Boutique.
  9158 | D:8      | Noticed Erica
  9182 | D:8      | HP: 3/69 [something/lance of force (19)]
  9183 | D:8      | Slain by Erica

Illustrated notes

Levels and vault maps discovered:
D:1:      co_arrival_hall_of_pillars, layout_basic,
          nemelex_xobeh_ov_fountains_minmay
D:2:      layout_basic, first_ration, elyvilon_altar_1
D:3:      kennysheep_slugbush, layout_rooms, uniq_natasha
D:4:      minmay_door_path, layout_basic, serial_shops,
          nicolae_shop_behind_doors
D:5:      layout_basic, basic_altar, uniq_grinder
D:6:      layout_loops_ring, serial_rivers, chequers_serial_rivers_large_b,
          chequers_serial_rivers_marsh, chequers_serial_rivers_large_a,
          chequers_serial_rivers_micro_a, hangedman_abyss_or_decor_lesser_grid,
          uniq_menkaure, uniq_pikel, uniq_sigmund, uniq_eustachio
D:7:      layout_loops_ring, grunt_temple_overflow_open,
          minmay_temple_entry_nine_rooms
D:8:      layout_loops_ring, serial_shops, shop, blue_anna_alchemist
          [blue_anna_fruit_fields, blue_anna_fruit_fields], uniq_erica
Temple:   regret_index_temple_chain_breaker

Skill      XL: |  1  2  3  4  5  6  7  8  9 |
---------------+----------------------------+-----
Dodging        | 3 4 5 6 |  6.0
Armour         | 1 2 3 4 6 7 8 |  8.4
Fighting       | 3 4 5 6 |  6.2
Maces & Flails | 3 |  3.7
Axes           | |  2.6
Throwing       | |  1.7

Action                   |  1- 3 |  4- 6 |  7- 9 || total
-------------------------+-------+-------+-------++-------
Melee: War axe           |   103 |   178 |   242 ||   523
       Flail             |       |    37 |       ||    37
       Whip              |       |       |    97 ||    97
Evoke: Wand              |       |       |     8 ||     8
  Use: Scroll            |       |     9 |     3 ||    12
       Potion            |       |     1 |     3 ||     4
  Eat: Chunk             |     3 |    10 |     7 ||    20
       Ration            |       |     1 |     1 ||     2
Armor: Leather armour    |    12 |       |       ||    12
       Ring mail         |    14 |    33 |       ||    47
       Chain mail        |       |   106 |   238 ||   344
       Skin              |       |     4 |     9 ||    13
Dodge: Dodged            |    95 |   116 |   208 ||   419
